[Event "2022 Wolfgang Leonhardt Cup"]
[Site "Woodvale, Perth WA AUS"]
[Date "2022.08.17"]
[Round "2"]
[White "Oswald, Franz"]
[Black "Leonhardt, Wolfgang"]
[Result "1/2-1/2"]
[EventDate "2022.08.10"]
[EventType "swiss"]
[EventRounds "7"]
[EventCountry "AUS"]
[TimeControl "3600+30"]
[WhiteElo "1551"]
[BlackElo "1776"]
[ECO "D55"]
[PlyCount "107"]

1. d4 d5 2. c4 e6 3. Nc3 Nf6 4. Bg5 Be7 5. e3 a6 6. Nf3 O-O 7. Qc2 b6 8. cxd5
exd5 9. Bd3 h6 10. Bh4 c5 11. dxc5 Nc6 12. a3 Be6 13. O-O bxc5 14. Rfd1 Nd7 15.
Bxe7 Qxe7 16. Bf5 Nf6 17. Rd2 Rab8 18. Rad1 Rfd8 19. Bxe6 fxe6 20. Na4 Ne4 21.
Re2 c4 22. Nd4 Nxd4 23. exd4 Rb3 24. f3 Ng5 25. Nc5 Rb6 26. Rde1 Rdd6 27. Qg6
Qf7 28. Qxf7+ Kxf7 29. Na4 Rb3 30. Nc5 Rb8 31. h4 Nh7 32. Nxe6 Nf6 33. Nc5 Ng8
34. Na4 Rb3 35. Re3 Rxe3 36. Rxe3 Ne7 37. Re5 Nc6 38. Rf5+ Kg6 39. Rf4 Re6 40.
Kf2 Rf6 41. Rxf6+ Kxf6 42. Ke3 a5 43. g4 g5 44. hxg5+ hxg5 45. Nc5 Nd8 46. f4
gxf4+ 47. Kxf4 Nc6 48. Nd7+ Ke6 49. Nc5+ Kf6 50. Nb7 Nxd4 51. Nxa5 Ne6+ 52. Kg3
Ke5 53. Nc6+ Ke4 54. a4 1/2-1/2

[Event "2022 Wolfgang Leonhardt Cup"]
[Site "Woodvale, Perth WA AUS"]
[Date "2022.08.17"]
[Round "2"]
[White "List, Ross"]
[Black "Hintz, Steven"]
[Result "1-0"]
[EventDate "2022.08.10"]
[EventType "swiss"]
[EventRounds "7"]
[EventCountry "AUS"]
[TimeControl "3600+30"]
[WhiteElo "1755"]
[BlackElo "1572"]
[ECO "D35"]
[PlyCount "65"]

1. d4 Nf6 2. c4 e6 3. Nc3 d5 4. cxd5 exd5 5. Bg5 Be7 6. e3 O-O 7. Bd3 c6 8.
Nge2 Bg4 9. Qc2 Nbd7 10. O-O Bh5 11. Nf4 Bg6 12. Nxg6 hxg6 13. a3 a5 14. f3 Re8
15. e4 dxe4 16. fxe4 Ng4 17. Bxe7 Qc7 18. e5 Rxe7 19. Qe2 Nh6 20. Rad1 Nb6 21.
Bb1 Rd8 22. Ne4 Re6 23. Ba2 Re7 24. Ng5 c5 25. dxc5 Rxd1 26. Qxd1 Qxc5+ 27. Kh1
Qc7 28. e6 f6 29. Ne4 Nf5 30. Qd3 Kf8 31. Rd1 Na4 32. Qd2 Nc5 33. Qd8+ 1-0

[Event "2022 Wolfgang Leonhardt Cup"]
[Site "Woodvale, Perth WA AUS"]
[Date "2022.08.17"]
[Round "2"]
[White "Garang, Kuol Awan"]
[Black "De Vas, Yonal"]
[Result "0-1"]
[EventDate "2022.08.10"]
[EventType "swiss"]
[EventRounds "7"]
[EventCountry "AUS"]
[TimeControl "3600+30"]
[WhiteElo "1645"]
[BlackElo "1523"]
[ECO "B21"]
[PlyCount "84"]

1. e4 c5 2. f4 Nc6 3. c3 g6 4. Nf3 Bg7 5. Bb5 d6 6. d4 Qb6 7. Na3 a6 8. Bxc6+
bxc6 9. Nc4 Qa7 10. O-O cxd4 11. cxd4 Bg4 12. Be3 d5 13. exd5 cxd5 14. Qa4+ Bd7
15. Qa3 dxc4 16. d5 Bxb2 17. Qxb2 Qxe3+ 18. Kh1 Nf6 19. Qb7 Qa7 20. Qb4 O-O 21.
Qxe7 Nxd5 22. Qe4 Qb7 23. Qxc4 Bb5 24. Qb3 Nxf4 25. Rfb1 Rab8 26. Qe3 Qc7 27.
Rc1 Qd6 28. Rd1 Qf6 29. g3 Ne6 30. a4 Bc6 31. Kg2 Ng5 32. Rf1 Nxf3 33. Rxf3
Bxf3+ 34. Qxf3 Qxa1 35. Qc6 Rb2+ 36. Kf3 Qh1+ 37. Ke3 Qxc6 38. Kd4 Rd8+ 39. Ke5
Re2+ 40. Kf4 Qe4+ 41. Kg5 Qf5+ 42. Kh4 Rxh2# 0-1

[Event "2022 John Brooke Cup"]
[Site "Woodvale, Perth WA AUS"]
[Date "2022.08.17"]
[Round "2"]
[White "Browning, Thomas"]
[Black "Powell, Darren"]
[Result "0-1"]
[EventDate "2022.08.10"]
[EventType "swiss"]
[EventRounds "7"]
[EventCountry "AUS"]
[TimeControl "3600+30"]
[WhiteElo "1496"]
[BlackElo "1232"]
[ECO "D37"]
[PlyCount "44"]

1. d4 Nf6 2. c4 g6 3. Nf3 d5 4. Nc3 e6 5. Bg5 Bg7 6. e3 O-O 7. Ne5 c6 8. c5 Qa5
9. Qf3 Ne4 10. Be7 Bxe5 11. Rc1 Re8 12. Bd6 Bxd6 13. cxd6 Nxc3 14. bxc3 Qxa2
15. h4 Qa3 16. Kd2 e5 17. dxe5 Bf5 18. Qf4 Nd7 19. g4 Qb2+ 20. Kd1 Be4 21. Rg1
Nxe5 22. h5 Bf3+ 0-1

[Event "2022 John Brooke Cup"]
[Site "Woodvale, Perth WA AUS"]
[Date "2022.08.17"]
[Round "2"]
[White "Rennie, Mike"]
[Black "Massam, Justin"]
[Result "0-1"]
[EventDate "2022.08.10"]
[EventType "swiss"]
[EventRounds "7"]
[EventCountry "AUS"]
[TimeControl "3600+30"]
[WhiteElo "880"]
[BlackElo "1442"]
[ECO "D00"]
[PlyCount "104"]

1. d4 d5 2. e3 c6 3. Nc3 Nf6 4. Nf3 e6 5. Bd3 Bb4 6. Ne5 Nbd7 7. Bd2 c5 8. Nb5
Bxd2+ 9. Qxd2 Qb6 10. O-O c4 11. Bxc4 dxc4 12. Qb4 Ne4 13. Qxc4 O-O 14. Qd3
Nxe5 15. dxe5 Nc5 16. Qd6 Qxb5 17. Rad1 b6 18. Qe7 Bb7 19. Rd4 Qc6 20. Rg4 Rfe8
21. Qg5 g6 22. Rh4 Ne4 23. Qh6 Nf6 24. f3 Nh5 25. Qg5 Kf8 26. Qh6+ Ke7 27. Qxh7
Rh8 28. Qxh8 Rxh8 29. Rd4 Rd8 30. Rxd8 Kxd8 31. Rd1+ Ke7 32. Rd6 Qc5 33. Kf2
Qxc2+ 34. Ke1 Qxb2 35. g4 Bxf3 36. Rd2 Qc1+ 37. Kf2 Qxd2+ 38. Kxf3 Qd5+ 39. e4
Qxa2 40. gxh5 gxh5 41. h4 Qh2 42. Ke3 a5 43. Kd4 Qxe5+ 44. Kc4 Qxe4+ 45. Kb5 a4
46. Kxb6 a3 47. Kc7 Kf6 48. Kd8 a2 49. Ke8 a1=Q 50. Kd7 Qed4+ 51. Kc6 Qc1+ 52.
Kb5 Qdb2+ 0-1

[Event "2022 John Brooke Cup"]
[Site "Woodvale, Perth WA AUS"]
[Date "2022.08.17"]
[Round "2"]
[White "Brooke, John"]
[Black "Gough, Sebastian"]
[Result "1-0"]
[EventDate "2022.08.10"]
[EventType "swiss"]
[EventRounds "7"]
[EventCountry "AUS"]
[TimeControl "3600+30"]
[WhiteElo "1346"]
[BlackElo "1050"]
[ECO "B40"]
[PlyCount "91"]

1. c4 c5 2. Nc3 e6 3. e4 Nc6 4. Nf3 g6 5. Bd3 Nd4 6. Nxd4 cxd4 7. Ne2 e5 8. a3
Bg7 9. Bb1 Nf6 10. d3 O-O 11. Bd2 d6 12. Ba2 Be6 13. b4 b6 14. Qc2 Rc8 15. f4
Rc7 16. h3 Qe7 17. Qd1 Rfc8 18. Rc1 b5 19. Ng3 bxc4 20. f5 Bd7 21. Bxc4 Be8 22.
Qb3 Rc6 23. b5 Rc5 24. Bb4 R5c7 25. Ke2 Bh6 26. Rc2 Bxb5 27. Bxd6 Qxd6 28. Qxb5
Nh5 29. Nxh5 gxh5 30. Rb1 Rc5 31. Qb7 Qc7 32. Qxc7 R5xc7 33. Rb5 Rc5 34. Rb7
R8c7 35. Rxc7 Rxc7 36. Rb2 Bf4 37. a4 a5 38. Kf3 Kg7 39. g3 Bh6 40. h4 f6 41.
Rb8 Rc8 42. Rxc8 Be3 43. Rc7+ Kh8 44. Rf7 Bh6 45. Rxf6 Kg7 46. Ra6 1-0

[Event "2022 John Brooke Cup"]
[Site "Woodvale, Perth WA AUS"]
[Date "2022.08.17"]
[Round "2"]
[White "Leech, Martin"]
[Black "Boswarva, Ernest"]
[Result "0-1"]
[EventDate "2022.08.10"]
[EventType "swiss"]
[EventRounds "7"]
[EventCountry "AUS"]
[TimeControl "3600+30"]
[WhiteElo "1476"]
[BlackElo "1506"]
[ECO "B07"]
[PlyCount "60"]

1. e4 d6 2. d4 Nf6 3. Nc3 Nbd7 4. Be3 e5 5. dxe5 Nxe5 6. h3 c6 7. Qd2 Be7 8.
O-O-O O-O 9. f4 Ned7 10. Nf3 Qc7 11. g4 b5 12. g5 b4 13. gxf6 bxc3 14. Qxc3
Nxf6 15. e5 Ne4 16. Qc4 c5 17. Bd3 d5 18. Qxd5 Bb7 19. Qc4 Nf2 20. Bxf2 Bxf3
21. Bxh7+ Kh8 22. Be4 Bxh1 23. Rxh1 Rab8 24. Qe2 Rb6 25. h4 Rh6 26. Bg3 Qa5 27.
Qc4 Rd8 28. Qxf7 Qd2+ 29. Kb1 Qd1+ 30. Rxd1 Rxd1# 0-1

[Event "2022 John Brooke Cup"]
[Site "Woodvale, Perth WA AUS"]
[Date "2022.08.17"]
[Round "2"]
[White "Kwenda, Ridge"]
[Black "Markou, Victor"]
[Result "1-0"]
[EventDate "2022.08.10"]
[EventType "swiss"]
[EventRounds "7"]
[EventCountry "AUS"]
[TimeControl "3600+30"]
[WhiteElo "969"]
[BlackElo "1117"]
[ECO "C42"]
[PlyCount "101"]

1. e4 e5 2. d3 Nf6 3. Nf3 d6 4. Bg5 Nbd7 5. Nc3 c6 6. a4 g6 7. b4 Bg7 8. b5 O-O
9. Be2 Nc5 10. O-O Ne6 11. Be3 Bd7 12. Qb1 b6 13. h3 Rc8 14. Ng5 Nxg5 15. Bxg5
Re8 16. Qb3 Qc7 17. Ra2 cxb5 18. Nxb5 Bxb5 19. axb5 Qc3 20. Qxc3 Rxc3 21. Bd2
Rc7 22. c4 Nd7 23. Rfa1 Ra8 24. Bg4 Nc5 25. Ra3 Ne6 26. Be3 Nd4 27. Bxd4 exd4
28. Bf3 Bf8 29. Ra4 Bg7 30. e5 Re8 31. exd6 Rd7 32. Bc6 Rdd8 33. Bxe8 Rxe8 34.
Rxa7 Rd8 35. d7 Bf6 36. Re1 Kf8 37. f4 Bh4 38. Re4 Bf6 39. g4 Kg7 40. Re8 g5
41. fxg5 Bxg5 42. Kg2 f5 43. gxf5 Bf6 44. Kg3 Kf7 45. Kf4 h6 46. Rxd8 Bxd8 47.
Ke5 Bf6+ 48. Ke4 Ke7 49. Kd5 Kd8 50. Ke6 Bg5 51. f6 1-0

[Event "2022 Wolfgang Leonhardt Cup"]
[Site "Woodvale, Perth WA AUS"]
[Date "2022.08.24"]
[Round "3"]
[White "De Vas, Saminda"]
[Black "Maggs, Derwent"]
[Result "1-0"]
[EventDate "2022.08.10"]
[EventType "swiss"]
[EventRounds "7"]
[EventCountry "AUS"]
[TimeControl "3600+30"]
[WhiteElo "2031"]
[BlackElo "2340"]
[ECO "E81"]
[PlyCount "119"]

1. d4 Nf6 2. c4 g6 3. Nc3 Bg7 4. e4 d6 5. f3 O-O 6. Bd3 c5 7. d5 e6 8. Bg5 Qa5
9. Qd2 a6 10. Nge2 exd5 11. Nxd5 Qxd2+ 12. Kxd2 Nxd5 13. exd5 Re8 14. Nc3 Bf5
15. Bxf5 gxf5 16. Rae1 Nd7 17. b3 h6 18. Rxe8+ Rxe8 19. Bf4 Ne5 20. Re1 Kh7 21.
Nd1 b5 22. Ne3 Kg6 23. h4 Rb8 24. h5+ Kf6 25. Bxe5+ dxe5 26. g4 fxg4 27. fxg4
Bf8 28. Kd3 bxc4+ 29. Nxc4 Re8 30. Ke4 Ke7 31. Kf5 f6 32. d6+ Kf7 33. d7 Rb8
34. Rd1 Be7 35. Nd6+ Kg7 36. Ke6 Bd8 37. Ne8+ Kf8 38. Kd6 Rb6+ 39. Kxc5 Ke7 40.
Ng7 Rb5+ 41. Kc4 Rb6 42. Nf5+ Ke6 43. Nxh6 Rc6+ 44. Kb4 Rc2 45. a3 Rg2 46. Ka4
Rf2 47. b4 Rf4 48. Rd2 Re4 49. Kb3 Re3+ 50. Kb2 Rf3 51. a4 Rf4 52. Kc3 a5 53.
b5 Rxa4 54. Rb2 Kxd7 55. b6 Kc8 56. Nf7 Be7 57. h6 Bf8 58. h7 Bg7 59. b7+ Kb8
60. Nd8 1-0

[Event "2022 Wolfgang Leonhardt Cup"]
[Site "Woodvale, Perth WA AUS"]
[Date "2022.08.24"]
[Round "3"]
[White "Hernandez Mendez, Iker"]
[Black "Clarke, Daniel"]
[Result "1-0"]
[EventDate "2022.08.10"]
[EventType "swiss"]
[EventRounds "7"]
[EventCountry "AUS"]
[TimeControl "3600+30"]
[WhiteElo "1826"]
[BlackElo "1784"]
[ECO "C68"]
[PlyCount "113"]

1. e4 e5 2. Nf3 Nc6 3. Bb5 a6 4. Bxc6 dxc6 5. O-O Bg4 6. h3 h5 7. d3 Qf6 8. Be3
Bxf3 9. Qxf3 Qxf3 10. gxf3 Bd6 11. Nd2 f5 12. Nc4 f4 13. Bd2 Ne7 14. Bc3 Ng6
15. Kh1 b5 16. Rg1 Kf7 17. Rxg6 Kxg6 18. Nxe5+ Kh7 19. Nxc6 a5 20. Rg1 Rhg8 21.
Rg5 b4 22. Bd2 Kh6 23. h4 Ra6 24. Ne5 Bxe5 25. Rxe5 Rf8 26. Kg1 Rc6 27. c3 Rd6
28. d4 bxc3 29. Bxc3 a4 30. Ra5 Rff6 31. Ra7 Rc6 32. Kf1 Rf7 33. Rxa4 g5 34. d5
Rb6 35. Bd4 Rg6 36. e5 gxh4 37. e6 Rfg7 38. Bxg7+ Rxg7 39. Rxf4 Kg5 40. Rf7 Rg8
41. e7 Re8 42. a4 Kg6 43. Rf4 Rxe7 44. Rxh4 Rd7 45. Rd4 Kf5 46. Ke2 c5 47. Rd1
Re7+ 48. Kd3 Kf4 49. d6 Ra7 50. Ke2 Rd7 51. Rd5 h4 52. Rh5 Rxd6 53. Rxh4+ Kg5
54. Rc4 Rc6 55. b4 Re6+ 56. Re4 Ra6 57. bxc5 1-0

[Event "2022 Wolfgang Leonhardt Cup"]
[Site "Woodvale, Perth WA AUS"]
[Date "2022.08.24"]
[Round "3"]
[White "Janceski, Alex"]
[Black "Maris, Rob"]
[Result "1/2-1/2"]
[EventDate "2022.08.10"]
[EventType "swiss"]
[EventRounds "7"]
[EventCountry "AUS"]
[TimeControl "3600+30"]
[WhiteElo "1930"]
[BlackElo "2072"]
[ECO "A47"]
[PlyCount "87"]

1. d4 Nf6 2. Nf3 e6 3. g3 b6 4. Bg2 Bb7 5. O-O c5 6. c3 d5 7. Re1 Bd6 8. b3
Nbd7 9. Bb2 Ne4 10. Nbd2 f5 11. e3 Qe7 12. c4 O-O 13. Rc1 Rad8 14. Nxe4 fxe4
15. Nd2 Nf6 16. f3 exf3 17. Bxf3 e5 18. Bg2 Rfe8 19. cxd5 exd4 20. exd4 Qxe1+
21. Qxe1 Rxe1+ 22. Rxe1 Bxd5 23. Bxd5+ Nxd5 24. Ne4 cxd4 25. Bxd4 Bb4 26. Re2
Nf4 27. gxf4 Rxd4 28. Kg2 g6 29. Kf3 Rd3+ 30. Re3 Rxe3+ 31. Kxe3 h5 32. h3 Kf7
33. Kd4 Ke6 34. Ke3 Ba3 35. Nc3 Bb2 36. Nd1 Bc1+ 37. Ke4 Kd6 38. Nf2 Bd2 39.
Nd3 Bc3 40. a3 b5 41. a4 bxa4 42. bxa4 Ke6 43. Nc5+ Kd6 44. Nd3 1/2-1/2

[Event "2022 Wolfgang Leonhardt Cup"]
[Site "Woodvale, Perth WA AUS"]
[Date "2022.08.24"]
[Round "3"]
[White "Gough, Dylan"]
[Black "Stortz, Robert"]
[Result "1/2-1/2"]
[EventDate "2022.08.10"]
[EventType "swiss"]
[EventRounds "7"]
[EventCountry "AUS"]
[TimeControl "3600+30"]
[WhiteElo "1710"]
[BlackElo "1871"]
[ECO "D31"]
[PlyCount "75"]

1. d4 d5 2. c4 c6 3. e3 e6 4. Nc3 Nf6 5. cxd5 exd5 6. Bd3 Bd6 7. Nge2 O-O 8. h3
Re8 9. O-O Nbd7 10. Bd2 Nf8 11. Qc2 Bd7 12. e4 dxe4 13. Nxe4 Nxe4 14. Bxe4 Qh4
15. f4 Re7 16. Be1 Qh5 17. Ng3 Qb5 18. a4 Qb6 19. Bc3 Rae8 20. Rad1 Qc7 21. Bd2
h6 22. Bd3 Bc8 23. Ne4 Ne6 24. Nxd6 Qxd6 25. Bc3 Nxf4 26. Qd2 Nxd3 27. Qxd3 Qd5
28. Rf3 Re6 29. Rdf1 R6e7 30. Rg3 g6 31. Qd2 Kh7 32. Qf2 Bf5 33. Re1 Rxe1+ 34.
Bxe1 Qe4 35. Bc3 Qb1+ 36. Kh2 Qe4 37. Rf3 Qd5 38. g4 1/2-1/2

[Event "2022 Wolfgang Leonhardt Cup"]
[Site "Woodvale, Perth WA AUS"]
[Date "2022.08.24"]
[Round "3"]
[White "Knight, Charles"]
[Black "Gibson, Jacob"]
[Result "0-1"]
[EventDate "2022.08.10"]
[EventType "swiss"]
[EventRounds "7"]
[EventCountry "AUS"]
[TimeControl "3600+30"]
[WhiteElo "1445"]
[BlackElo "1864"]
[ECO "D00"]
[PlyCount "86"]

1. d4 Nf6 2. Bf4 d5 3. e3 c5 4. c3 Qb6 5. Qb3 c4 6. Qc2 Nc6 7. Nd2 Bg4 8. h3
Bh5 9. Be2 Bg6 10. Qc1 e6 11. Ngf3 Rd8 12. O-O Bd6 13. Bxd6 Rxd6 14. Ne5 Bf5
15. Ndf3 h6 16. Nh4 Bh7 17. f4 Ne4 18. Kh1 Qd8 19. Qe1 b5 20. f5 exf5 21. Nxf5
Bxf5 22. Rxf5 O-O 23. Qf1 Qc7 24. Qf4 g5 25. Qf3 Re6 26. Kg1 Nxe5 27. dxe5 Rxe5
28. Rf1 Nd2 29. Qh5 Nxf1 30. Rxf1 Kg7 31. Rf3 Re4 32. Rf5 Qg3 33. Rf3 Qh4 34.
Qxh4 Rxh4 35. Rf5 Rd8 36. Bf3 Kg6 37. Rxd5 Rxd5 38. Bxd5 a5 39. Kf2 f5 40. Kg3
f4+ 41. exf4 Rxf4 42. Bc6 b4 43. cxb4 axb4 0-1

[Event "2022 Wolfgang Leonhardt Cup"]
[Site "Woodvale, Perth WA AUS"]
[Date "2022.08.24"]
[Round "3"]
[White "Doshi, Chirag"]
[Black "De Vas, Yonal"]
[Result "0-1"]
[EventDate "2022.08.10"]
[EventType "swiss"]
[EventRounds "7"]
[EventCountry "AUS"]
[TimeControl "3600+30"]
[WhiteElo "1825"]
[BlackElo "1523"]
[ECO "B34"]
[PlyCount "62"]

1. e4 c5 2. Nf3 Nc6 3. d4 cxd4 4. Nxd4 g6 5. Be3 Bg7 6. c3 Nf6 7. Nxc6 bxc6 8.
Bd3 O-O 9. Nd2 d5 10. f3 dxe4 11. Nxe4 Rb8 12. Nxf6+ Bxf6 13. Qc2 Rxb2 14. Qxb2
Qxd3 15. Bd4 Bh4+ 16. g3 Qxf3 17. Rf1 Qe4+ 18. Qe2 Qxe2+ 19. Kxe2 Ba6+ 20. Kf2
Bxf1 21. Rxf1 Bf6 22. Ke3 Bxd4+ 23. Kxd4 f6 24. Kc5 Kf7 25. Re1 e5 26. c4 Rc8
27. g4 Ke6 28. Rd1 e4 29. h3 Ke5 30. Rd7 e3 31. Rxa7 Re8 0-1

[Event "2022 Wolfgang Leonhardt Cup"]
[Site "Woodvale, Perth WA AUS"]
[Date "2022.08.24"]
[Round "3"]
[White "Leonhardt, Wolfgang"]
[Black "Saxon, Marc"]
[Result "1/2-1/2"]
[EventDate "2022.08.10"]
[EventType "swiss"]
[EventRounds "7"]
[EventCountry "AUS"]
[TimeControl "3600+30"]
[WhiteElo "1776"]
[BlackElo "2015"]
[ECO "D80"]
[PlyCount "71"]

1. d4 Nf6 2. c4 g6 3. Nc3 d5 4. c5 Bg7 5. Nf3 O-O 6. Bf4 Nc6 7. e3 Nh5 8. Bg3
Bg4 9. Be2 Qd7 10. Qa4 a6 11. h3 Nxg3 12. fxg3 Bxf3 13. Bxf3 Qe6 14. Kf2 Rad8
15. Rae1 Qf6 16. Ne2 e5 17. Kg1 e4 18. Rf1 Qe7 19. Bh5 gxh5 20. Nf4 Qg5 21. Qd1
Qxg3 22. Nxh5 Qxe3+ 23. Kh2 Ne7 24. Nxg7 Kxg7 25. Qg4+ Kh8 26. Qh5 Ng6 27. Rf5
Nf4 28. Qh6 Qxd4 29. Qxf4 Rde8 30. Rf1 Qxc5 31. Kh1 Qd6 32. Qh4 Rg8 33. Rxf7
Qg6 34. g4 Re6 35. Rxc7 Qh6 36. Qg3 1/2-1/2

[Event "2022 Wolfgang Leonhardt Cup"]
[Site "Woodvale, Perth WA AUS"]
[Date "2022.08.24"]
[Round "3"]
[White "Hintz, Steven"]
[Black "Oswald, Franz"]
[Result "0-1"]
[EventDate "2022.08.10"]
[EventType "swiss"]
[EventRounds "7"]
[EventCountry "AUS"]
[TimeControl "3600+30"]
[WhiteElo "1572"]
[BlackElo "1551"]
[ECO "E19"]
[PlyCount "86"]

1. d4 Nf6 2. c4 e6 3. Nf3 b6 4. g3 Bb7 5. Bg2 Be7 6. Nc3 Ne4 7. Qc2 Nxc3 8.
Qxc3 O-O 9. O-O c5 10. e3 d6 11. b3 Qc8 12. Bb2 Bf6 13. Qd2 Nd7 14. Rfe1 Be4
15. Qe2 Qb7 16. Rad1 Rad8 17. Rd2 d5 18. cxd5 exd5 19. Rc1 Rfe8 20. Qd1 Rc8 21.
Bh3 c4 22. Ne1 cxb3 23. Rxc8 Rxc8 24. Qxb3 Rc7 25. Ba3 Nf8 26. Nd3 Ne6 27. Ne1
Ng5 28. Bf1 Qc8 29. h4 Nf3+ 30. Nxf3 Bxf3 31. Be2 Rc3 32. Qb2 Bxe2 33. Rxe2 Qc4
34. Rd2 Qc7 35. Kg2 Rc4 36. Qb3 Qc6 37. Rd3 h5 38. Kf3 Qc8 39. Bb2 Qg4+ 40. Kg2
Bxh4 41. Qb5 Qe4+ 42. Kh3 Qxd3 43. Kxh4 Rxd4+ 0-1

[Event "2022 John Brooke Cup"]
[Site "Woodvale, Perth WA AUS"]
[Date "2022.08.24"]
[Round "3"]
[White "Massam, Justin"]
[Black "Brooke, John"]
[Result "1/2-1/2"]
[EventDate "2022.08.10"]
[EventType "swiss"]
[EventRounds "7"]
[EventCountry "AUS"]
[TimeControl "3600+30"]
[WhiteElo "1442"]
[BlackElo "1346"]
[ECO "D02"]
[PlyCount "129"]

1. d4 d5 2. Bf4 Bf5 3. Nf3 e6 4. e3 a6 5. Bd3 Ne7 6. O-O Bg6 7. Re1 Nd7 8. Nbd2
Nf6 9. Ne5 Bxd3 10. cxd3 h6 11. Rc1 Rc8 12. h3 Neg8 13. a3 Bd6 14. Ndf3 Ne7 15.
Qb3 b5 16. Rc3 O-O 17. Rec1 Nd7 18. Nxd7 Qxd7 19. Ne5 Qd8 20. Nc6 Nxc6 21. Rxc6
Bxf4 22. exf4 Qf6 23. Rxa6 Qxf4 24. Qc3 Qf6 25. Ra7 c6 26. Ra6 Rfd8 27. Rxc6
Rxc6 28. Qxc6 Qxd4 29. Qxb5 Qf6 30. a4 Qf4 31. Rb1 Rb8 32. Qc6 Qb4 33. Qa6 Rb6
34. Qc8+ Kh7 35. b3 g5 36. Qc7 Kg6 37. g4 Qd4 38. a5 Ra6 39. Rd1 Qb4 40. Ra1
Qxb3 41. Qc8 Qxd3 42. Qg8+ Kf6 43. Qh8+ Ke7 44. Qxh6 Qg6 45. Qh8 Qf6 46. Qxf6+
Kxf6 47. Kf1 Ke5 48. Ra4 f6 49. Ke2 f5 50. f3 f4 51. Kd3 Kd6 52. Kd4 e5+ 53.
Kd3 Kc5 54. Kc3 Kb5 55. Ra2 d4+ 56. Kd3 Rxa5 57. Rd2 Kc5 58. Ke4 Kc4 59. Rc2+
Kb3 60. Rc6 Ra1 61. Kxe5 d3 62. Rd6 Re1+ 63. Kf5 Kc3 64. Rc6+ Kd4 65. Rd6+
1/2-1/2

[Event "2022 John Brooke Cup"]
[Site "Woodvale, Perth WA AUS"]
[Date "2022.08.24"]
[Round "3"]
[White "Boswarva, Ernest"]
[Black "Powell, Darren"]
[Result "0-1"]
[EventDate "2022.08.10"]
[EventType "swiss"]
[EventRounds "7"]
[EventCountry "AUS"]
[TimeControl "3600+30"]
[WhiteElo "1506"]
[BlackElo "1232"]
[ECO "D00"]
[PlyCount "52"]

1. d4 d5 2. e3 Nf6 3. Bd3 e6 4. Nd2 b6 5. e4 Bb7 6. Qe2 Nc6 7. c3 e5 8. exd5
Nxd5 9. Ngf3 Nf4 10. Qf1 exd4 11. Be4 dxc3 12. bxc3 Qe7 13. Nd4 O-O-O 14. f3
Nxd4 15. cxd4 Rxd4 16. Kf2 Bxe4 17. Nxe4 Nd3+ 18. Ke3 Qe5 19. Ke2 f5 20. Be3
Rd5 21. g3 Qb2+ 22. Nd2 Bb4 23. Rb1 Qxa2 24. Ra1 Qc2 25. Qb1 Qc3 26. Qa2 Ra5
0-1

[Event "2022 John Brooke Cup"]
[Site "Woodvale, Perth WA AUS"]
[Date "2022.08.24"]
[Round "3"]
[White "Gough, Sebastian"]
[Black "Browning, Thomas"]
[Result "0-1"]
[EventDate "2022.08.10"]
[EventType "swiss"]
[EventRounds "7"]
[EventCountry "AUS"]
[TimeControl "3600+30"]
[WhiteElo "1050"]
[BlackElo "1496"]
[ECO "D02"]
[PlyCount "66"]

1. Nf3 d5 2. d4 Nf6 3. Bf4 c5 4. e3 Nc6 5. Bb5 a6 6. Bxc6+ bxc6 7. Ne5 Qb6 8.
Nd2 e6 9. b3 cxd4 10. exd4 Qxd4 11. g3 Bb4 12. Nxc6 Bxd2+ 13. Bxd2 Qe4+ 14. Be3
Qxh1+ 15. Ke2 Qxd1+ 16. Rxd1 Ng4 17. h3 Nxe3 18. Kxe3 Bd7 19. Ne5 Rc8 20. c4 f6
21. Nxd7 Kxd7 22. cxd5 exd5 23. Rxd5+ Kc6 24. Rd4 Rhe8+ 25. Kd3 Rcd8 26. Rxd8
Rxd8+ 27. Kc3 Kb5 28. a4+ Ka5 29. Kc4 Rd2 30. g4 Rxf2 31. Kc3 Rf3+ 32. Kb2 Kb4
33. h4 Rxb3+ 0-1

[Event "2022 John Brooke Cup"]
[Site "Woodvale, Perth WA AUS"]
[Date "2022.08.24"]
[Round "3"]
[White "Watson, Jake"]
[Black "Rennie, Mike"]
[Result "1-0"]
[EventDate "2022.08.10"]
[EventType "swiss"]
[EventRounds "7"]
[EventCountry "AUS"]
[TimeControl "3600+30"]
[WhiteElo "1085"]
[BlackElo "880"]
[ECO "C44"]
[PlyCount "93"]

1. e4 e5 2. Nf3 d6 3. c3 Nc6 4. d4 Nf6 5. Bb5 Be7 6. d5 a6 7. Qa4 Ra7 8. dxc6
bxc6 9. Bxc6+ Bd7 10. Be3 Bxc6 11. Qxc6+ Qd7 12. Qxd7+ Kxd7 13. Bxa7 Ra8 14.
Be3 Nxe4 15. O-O Rb8 16. b3 d5 17. Nxe5+ Ke6 18. Nc6 Rb6 19. Bxb6 cxb6 20. Nxe7
Kxe7 21. Re1 f5 22. f3 Kd6 23. fxe4 dxe4 24. Nd2 Ke5 25. Nc4+ Kd5 26. Nxb6+ Ke5
27. Rad1 Kf4 28. g3+ Kf3 29. Rf1+ Ke2 30. g4 fxg4 31. Rfe1+ Kf3 32. Nc4 h5 33.
Re3+ Kf4 34. Rde1 h4 35. Rxe4+ Kf5 36. Nd6+ Kg5 37. c4 g3 38. hxg3 h3 39. c5
Kh6 40. c6 g5 41. c7 Kh5 42. c8=Q g4 43. Qc5+ Kg6 44. Re6+ Kg7 45. Nf5+ Kf7 46.
Qe7+ Kg8 47. Qg7# 1-0

[Event "2022 John Brooke Cup"]
[Site "Woodvale, Perth WA AUS"]
[Date "2022.08.24"]
[Round "3"]
[White "Lanham, Bruce"]
[Black "Leech, Martin"]
[Result "1-0"]
[EventDate "2022.08.10"]
[EventType "swiss"]
[EventRounds "7"]
[EventCountry "AUS"]
[TimeControl "3600+30"]
[WhiteElo "1168"]
[BlackElo "1476"]
[ECO "D23"]
[PlyCount "87"]

1. d4 d5 2. Nf3 Nf6 3. g3 c5 4. c4 dxc4 5. Qa4+ Bd7 6. Qxc4 e6 7. dxc5 Nc6 8.
b4 Be7 9. Bg2 O-O 10. O-O Qc7 11. Nc3 a6 12. a3 e5 13. Bb2 Be6 14. Qd3 Rfd8 15.
Qc2 h6 16. Rfd1 b6 17. cxb6 Qxb6 18. Ne4 Nd4 19. Nxd4 Rac8 20. Nxf6+ Bxf6 21.
Nc6 Bd7 22. Rac1 Bxc6 23. Rxd8+ Bxd8 24. Qc5 Bxg2 25. Qxc8 Bb7 26. Qc5 Qg6 27.
Qxe5 Bf6 28. Qb8+ Kh7 29. Bxf6 Qe4 30. f3 Qxe2 31. Qxb7 Qe3+ 32. Kg2 Qxc1 33.
Qe4+ Kg8 34. Qa8+ Kh7 35. Be7 Qc2+ 36. Kh3 Qf5+ 37. g4 Qe6 38. Qe4+ Qxe4 39.
fxe4 f6 40. a4 Kg6 41. b5 axb5 42. axb5 Kf7 43. b6 Kxe7 44. b7 1-0

[Event "2022 Wolfgang Leonhardt Cup"]
[Site "Woodvale, Perth WA AUS"]
[Date "2022.08.31"]
[Round "4"]
[White "Hernandez Mendez, Iker"]
[Black "De Vas, Saminda"]
[Result "0-1"]
[EventDate "2022.08.10"]
[EventType "swiss"]
[EventRounds "7"]
[EventCountry "AUS"]
[TimeControl "3600+30"]
[WhiteElo "1826"]
[BlackElo "2031"]
[ECO "B21"]
[PlyCount "74"]

1. e4 c5 2. d4 cxd4 3. c3 dxc3 4. Nxc3 Nc6 5. Nf3 d6 6. Bc4 a6 7. O-O Nf6 8.
Qe2 Bg4 9. Rd1 e6 10. Bf4 Nh5 11. Nd5 Nxf4 12. Nxf4 Ne5 13. Kh1 Bxf3 14. gxf3
Qf6 15. Bb5+ axb5 16. Qxb5+ Nd7 17. Nd3 Qxf3+ 18. Kg1 Qxe4 19. Rac1 Rd8 20. Kf1
Qd5 21. Qa4 b5 22. Qa7 Qa8 23. Qd4 Qh1+ 24. Ke2 Qxh2 25. Rh1 Qg2 26. Nf4 Qg4+
27. f3 Qg5 28. Rh5 Qf6 29. Qe4 Be7 30. Kf1 d5 31. Nxd5 exd5 32. Qxd5 O-O 33.
Rc6 Qxb2 34. Qe4 Nf6 35. Rxf6 Rd1+ 36. Qe1 Rxe1+ 37. Kxe1 Bxf6 0-1

[Event "2022 Wolfgang Leonhardt Cup"]
[Site "Woodvale, Perth WA AUS"]
[Date "2022.08.31"]
[Round "4"]
[White "De Vas, Yonal"]
[Black "Maggs, Derwent"]
[Result "0-1"]
[EventDate "2022.08.10"]
[EventType "swiss"]
[EventRounds "7"]
[EventCountry "AUS"]
[TimeControl "3600+30"]
[WhiteElo "1523"]
[BlackElo "2340"]
[ECO "E61"]
[PlyCount "62"]

1. d4 Nf6 2. c4 g6 3. Nc3 Bg7 4. Nf3 O-O 5. Bf4 d6 6. e4 Nbd7 7. Be2 c6 8. h3
Nh5 9. Bh2 e5 10. dxe5 dxe5 11. g4 Nf4 12. Bxf4 exf4 13. Qd2 Nc5 14. Qxf4 Nd3+
15. Bxd3 Qxd3 16. e5 Be6 17. c5 f6 18. Rd1 Qa6 19. exf6 Bxf6 20. Qe3 Bxc3+ 21.
Qxc3 Bd5 22. Rd3 Rae8+ 23. Kd2 Bxf3 24. Rd7 Qe2+ 25. Kc1 Qe5 26. Qxe5 Rxe5 27.
Rg1 Rxc5+ 28. Kb1 Be4+ 29. Ka1 Rf7 30. Rd8+ Kg7 31. Rgd1 Rxf2 0-1